 Dungeon Crawl Stone Soup version bcrawl-1.12-8-g964540c432 (webtiles) character file.

Game seed: 3527124898051411374

2 MisterOstroum the Sneak (level 1, 0/15 HPs)
             Began as a Demonspawn Archaeologist on June 3, 2019.
             Slain by a worm (2 damage)
             ... on level 2 of the Dungeon.
             The game lasted 00:00:28 (62 turns).

MisterOstroum the Sneak (Demonspawn Archaeologist)    Turns: 62, Time: 00:00:28

Health: 0/15       AC:  8    Str: 11    XL:     1   Next: 25%
Magic:  1/1        EV: 12    Int: 15    God:
Gold:   0          SH:  0    Dex: 11    Spells: 0/0 levels left

rFire    . . .     SeeInvis .   (no weapon)
rCold    . . .     Gourm    .   (no shield)
rNeg     . . .     Faith    .   a - +1 robe
rPois    .         Spirit   .   b - +1 hat
rElec    .         Reflect  .   (no cloak)
rCorr    .         Harm     .   d - +1 pair of gloves
MR       .....                  c - +1 pair of boots
Stlth    ++........             (no amulet)
HPRegen  0.05/turn              (no ring)
MPRegen  0.07/turn              (no ring)

@: no status effects
A: no striking features
a: no special abilities


You were on level 2 of the Dungeon.
You were not hungry.

You visited 1 branch of the dungeon, and saw 2 of its levels.

Inventory:

Armour
 a - a +1 robe (worn)
 b - a +1 hat (worn)
 c - a +1 pair of boots (worn)
 d - a +1 pair of gloves (worn)
Scrolls
 h - a scroll of identify {unknown}
Miscellaneous
 f - an ancient crate
 g - a dusty tome
Comestibles
 e - 2 rations {!d}


   Skills:
 + Level 1.3 Fighting
 - Level 2.6 Dodging
 - Level 3.0 Stealth


You couldn't memorise any spells.
You didn't know any spells.
Your spell library was empty.

Dungeon Overview and Level Annotations

Branches:
Dungeon (2/12)

Altars:


Message History

e - a ration;
g - a dusty tome Welcome, MisterOstroum the Demonspawn Archaeologist.
The bosom of this dungeon contains the fabled artefact, the Orb of Zot.
Press ? for a list of commands and other information.
Found a scroll labeled LUERCHE JOJEY.
Found a staircase leading out of the dungeon.
h - a scroll labeled LUERCHE JOJEY You open the door.
There is an open door here.
Found a stone staircase leading down.
e - 2 rations {!d} (gained 1)
A hobgoblin comes into view. It is wielding a +0 club.
Found a hunting sling.
A hobgoblin is nearby!
A hobgoblin is nearby!
A hobgoblin is nearby!
A hobgoblin comes into view. It is wielding a +0 club.
The hobgoblin shouts!
A leopard gecko comes into view.
The hobgoblin shouts!
The leopard gecko hisses angrily.
The hobgoblin hits you with a +0 club. The leopard gecko closely misses you.
Found 2 green potions.
The leopard gecko closely misses you.
Found an escape hatch in the floor.
A giant cockroach comes into view.
Found 117 bolts.
There is an escape hatch in the floor here.
Really go through this one-way escape hatch?
The leopard gecko bites you but does no damage.
You slide downwards.
The hatch slams shut behind you.
A worm comes into view.
The leopard gecko bites you.
You hit the leopard gecko.
The leopard gecko is lightly wounded.
The leopard gecko misses you. The leopard gecko bites you.
You closely miss the leopard gecko.
The leopard gecko is lightly wounded.
The leopard gecko bites you but does no damage.
The leopard gecko bites you.
You hit the leopard gecko.
The leopard gecko is moderately wounded.
The leopard gecko bites you but does no damage.
You closely miss the leopard gecko.
The leopard gecko is moderately wounded.
The leopard gecko barely misses you.
You hit the leopard gecko.
The leopard gecko is heavily wounded.
The leopard gecko bites you but does no damage.
You barely miss the leopard gecko.
The leopard gecko is heavily wounded.
The leopard gecko bites you but does no damage.
You hit the leopard gecko but do no damage.
The leopard gecko is heavily wounded.
The leopard gecko bites you but does no damage.
The leopard gecko barely misses you.
You barely miss the leopard gecko.
The leopard gecko is heavily wounded.
The leopard gecko bites you but does no damage.
You hit the leopard gecko.
The leopard gecko is almost dead.
The leopard gecko barely misses you.
You closely miss the leopard gecko.
The leopard gecko is almost dead.
The leopard gecko misses you. The worm bites you.
* * * LOW HITPOINT WARNING * * *
You closely miss the leopard gecko.
The leopard gecko is almost dead.
The leopard gecko misses you.
You hit the leopard gecko.
You kill the leopard gecko!
The worm bites you.
You die...

#. #.#
#..####+###
#.#......#
#...@....#
....#..w†...#
. #.......#
##.##.###
#..#.# ......
###...## #..#
...


You could see a worm.

Vanquished Creatures
  A leopard gecko (D:2)
1 creature vanquished.

Notes
Turn   | Place    | Note
-------+----------+-------------------------------------------
     0 | D:1      | MisterOstroum the Demonspawn Archaeologist began the quest
                  | for the Orb.
     0 | D:1      | Reached XP level 1. HP: 15/15 MP: 1/1
    62 | D:2      | Slain by a worm

Action                   || total
-------------------------++-------
Melee: Unarmed           ||    12
Armor: Robe              ||     7
Dodge: Dodged            ||     8
